 Dungeon Crawl Stone Soup version 0.29-a0-330-g52719c12eb (webtiles) character file.

Game seed: 14985412434738420344

403 kae the Changer (level 6, -4/70 HPs)
             Began as a Draconian Transmuter on May 13, 2022.
             Slain by Duvessa
             ... wielding a +0 short sword
              (5 damage)
             ... on level 4 of the Dungeon.
             The game lasted 00:02:57 (3802 turns).

kae the Changer (Draconian Transmuter)              Turns: 3802, Time: 00:02:58

Health: -4/70      AC:  6    Str: 13    XL:     6   Next: 55%
Magic:  11/11      EV: 12    Int: 17    God:
Gold:   116        SH:  0    Dex: 11    Spells: 6/12 levels left

rFire   . . .      SeeInvis .   d - +0 whip
rCold   . . .      Faith    .   (no shield)
rNeg    . . .      Spirit   .   (body armour unavailable)
rPois   .          Reflect  .   (helmet restricted)
rElec   .          Harm     .   (no cloak)
rCorr   .          Rampage  .   (no gloves)
Will    .....                   (no boots)
Stlth   ..........              (no amulet)
HPRegen 0.21/turn               (no ring)
MPRegen 0.12/turn               (no ring)

@: berserking, silenced (expiring), wereblooded (expiring), flying, very quick
A: AC +6, unfitting armour, cold-blooded, clever 1
a: no special abilities


You were on level 4 of the Dungeon.
You visited 1 branch of the dungeon, and saw 4 of its levels.

You collected 116 gold pieces.

Inventory:

Hand Weapons
 d - a +0 whip (weapon)
Scrolls
 b - a scroll of identify
 g - a scroll of immolation
 k - a scroll of torment {unknown}
Potions
 a - 2 potions of lignification
 c - 5 potions of curing
 e - a potion of heal wounds
 f - a potion of flight
 h - 3 potions of mutation


   Skills:
 - Level 1.1 Fighting
 - Level 1.7 Dodging
 + Level 4.4 Unarmed Combat
 + Level 3.5 Spellcasting
 * Level 5.1 Transmutations
 - Level 1.0 Poison Magic


You had 6 spell levels left.
You knew the following spells:

 Your Spells              Type           Power      Damage    Failure   Level
a - Beastly Appendage     Tmut           40%        N/A       1%          1
b - Wereblood             Tmut           20%        N/A       3%          2
c - Spider Form           Tmut/Pois      13%        N/A       14%         3

Your spell library contained the following spells:

 Spells                   Type           Power      Damage    Failure   Level
 Foxfire                  Conj/Fire      12%        2x1d4     17%         1
 Pain                     Necr           12%        1d4       17%         1
 Poisonous Vapours        Pois/Air       8%         N/A       21%         2
 Corpse Rot               Necr/Air       6%         N/A       26%         2
 Conjure Flame            Conj/Fire      3%         6-21      45%         3
 Inner Flame              Hex/Fire       3%         N/A       45%         3
 Ice Form                 Ice/Tmut       11%        N/A       50%         4
 Flame Wave               Conj/Fire      3%         2d4       86%         4
 Agony                    Necr           3%         N/A       99%         5
 Excruciating Wounds      Necr           1%         N/A       99%         5


Dungeon Overview and Level Annotations

Branches:
Dungeon (4/15)
 Temple: D:4-7

Altars:
Nemelex Xobeh

Shops:
D:3 [(([[

Annotations:
D:2 exclusion: upstairs
D:4 Dowan, Duvessa


Innate Abilities, Weirdness & Mutations

Your plain brown scales are hard. (AC +6)
You cannot fit into any form of body armour.
You are cold-blooded and may be slowed by cold attacks.
Your mind is acute. (Int +2)


Message History

You feel clever.
Your magical essence no longer links to wands of the dungeon.
Duvessa hits you with a +0 short sword. The adder barely misses you.
Duvessa hits you with a +0 short sword.
It was a potion of berserk rage.
A red film seems to cover your vision as you go berserk!
You feel yourself moving faster!
You feel mighty! Duvessa hits you with a +0 short sword.
* * * LOW HITPOINT WARNING * * *
The adder bites you.
* * * LOW HITPOINT WARNING * * *
You whack Duvessa!
Duvessa is moderately wounded.
Duvessa hits you but does no damage. The goblin misses you.
The adder closely misses you.
You hit Duvessa.
Duvessa is moderately wounded.
Duvessa hits you with a +0 short sword.
* * * LOW HITPOINT WARNING * * *
You miss the adder.
Your tail-slap misses the adder.
The adder is moderately wounded.
Duvessa hits you with a +0 short sword!
* * * LOW HITPOINT WARNING * * *
The adder bites you but does no damage. The goblin hits you but does no damage.
The hobgoblin hits you but does no damage.
Dowan mumbles some strange words.
Dowan blinks!
You whack Duvessa!
Duvessa is heavily wounded.
Duvessa hits you with a +0 short sword.
* * * LOW HITPOINT WARNING * * *
The adder bites you but does no damage. The hobgoblin completely misses you.
The goblin closely misses you. Duvessa hits you with a +0 short sword.
* * * LOW HITPOINT WARNING * * *
You are too berserk!
You barely miss Duvessa.
Duvessa is heavily wounded.
Your primal bloodlust is almost over.
The adder bites you but does no damage. Duvessa hits you with a +0 short sword.
You die...

###########
#.........########## ..
#.........#......... ...
#....)....#......... ....
#.........'.........
....#######.eSg.....#.........
.........ยง.Sg@......#.........
.......e...##########.....####
...........# ##.....####
..........e# #..........
.........g.# #..........
..........e# ##.........
........#S####... #.........
........#........ #..........
........#...S.... #..........


You could see Duvessa (fast), Dowan, an adder, a hobgoblin, a goblin and a ball
python.

Vanquished Creatures
  Sigmund (D:3)
  A hound (D:4)
  A jelly (D:3)
  Jessica (D:2)
  Terence (D:2)
  5 adders
  2 dart slugs
  2 orcs (D:4)
  5 ball pythons
  5 endoplasms
  2 giant cockroaches
  10 hobgoblins
  3 jackals (D:3)
  3 quokkas
  4 bats (D:1)
  2 frilled lizards (D:1)
  11 goblins
  8 kobolds
  4 rats
71 creatures vanquished.

Vanquished Creatures (others)
  2 plants (D:1)
2 creatures vanquished.

Grand Total: 73 creatures vanquished

Notes
Turn   | Place    | Note
-------+----------+-------------------------------------------
     0 | D:1      | kae the Draconian Transmuter began the quest for the Orb.
     0 | D:1      | Reached XP level 1. HP: 16/16 MP: 3/3
   411 | D:1      | Found a faded altar of an unknown god.
   525 | D:1      | Reached XP level 2. HP: 20/23 MP: 1/5
  1165 | D:2      | Reached XP level 3. HP: 21/28 MP: 6/6
  1168 | D:2      | Learned a level 2 spell: Wereblood
  1172 | D:2      | Learned a level 3 spell: Spider Form
  1254 | D:2      | Reached skill level 3 in Transmutations
  1607 | D:2      | Noticed Terence
  1658 | D:2      | Killed Terence
  1659 | D:2      | Reached XP level 4. HP: 25/35 MP: 2/7
  1770 | D:2      | Identified the +1 short sword of Conservatism {vorpal,
                  | Int+3}
  2207 | D:2      | Noticed Jessica
  2212 | D:2      | Killed Jessica
  2489 | D:3      | Reached skill level 1 in Poison Magic
  2566 | D:3      | Reached XP level 5. HP: 31/40 MP: 9/9
  2689 | D:3      | Found Juvorevy's Armour Shop.
  2875 | D:3      | Found a sparkling altar of Nemelex Xobeh.
  2888 | D:3      | Noticed Sigmund
  2896 | D:3      | Killed Sigmund
  2897 | D:3      | Reached skill level 4 in Transmutations
  2897 | D:3      | Reached XP level 6. HP: 39/47 MP: 6/11
  2997 | D:3      | Found Nedos's Weapon Shop.
  3017 | D:3      | Found Yruloet's Weapon Emporium.
  3035 | D:3      | Found Qaqusaq's Armour Shoppe.
  3147 | D:3      | Found Nyrogaodai's Armour Emporium.
  3519 | D:4      | Reached skill level 5 in Transmutations
  3776 | D:4      | Noticed Duvessa
  3776 | D:4      | Noticed Dowan
  3796 | D:4      | Gained mutation: You expend magic power (3 MP) to
                  | strengthen your wands. [potion of mutation]
  3796 | D:4      | Gained mutation: Your mind is acute. (Int +2) [potion of
                  | mutation]
  3796 | D:4      | Lost mutation: You expend magic power (3 MP) to strengthen
                  | your wands. [potion of mutation]
  3801 | D:4      | HP: 1/70 [Duvessa/+0 short sword (4)]
  3802 | D:4      | Slain by Duvessa

Illustrated notes

Levels and vault maps discovered:
D:1:      elethiomel_arrival_shortcut, layout_rooms,
          shapermc_ecumenical_altar_mp_urbaneastern
D:2:      layout_basic, uniq_jessica, uniq_terence
D:3:      layout_basic, lemuel_crystal_altar, serial_shops, shop_fountains,
          shop, shop, nicolae_shop_bloodbath_and_beyond, shop_fountains,
          uniq_sigmund
D:4:      kennysheep_the_goblin_king, layout_gridville, uniq_pikel, uniq_ijyb,
          uniq_duvessa

Skill      XL: |  1  2  3  4  5  6 |
---------------+-------------------+-----
Transmutations | 3 4 5 |  5.1
Poison Magic   | 1 |  1.0
Unarmed Combat | 4 |  4.4
Spellcasting   | 3 |  3.5
Fighting       | |  1.1
Dodging        | |  1.7

Action                   |  1- 3 |  4- 6 || total
-------------------------+-------+-------++-------
Melee: Whip              |    89 |   136 ||   225
       Kick              |    18 |    16 ||    34
       Unarmed           |     9 |     8 ||    17
       Headbutt          |     7 |    14 ||    21
       Tailslap          |     6 |    10 ||    16
       Punch             |       |     4 ||     4
 Cast: Beastly Appendage |    23 |    19 ||    42
       Spider Form       |     1 |     1 ||     2
       Wereblood         |       |     3 ||     3
  Use: Scroll            |     2 |     3 ||     5
       Potion            |       |     5 ||     5
 Stab: Sleeping          |     1 |       ||     1
Armor: Skin              |    30 |    61 ||    91
Dodge: Dodged            |    73 |    93 ||   166

Table legend: (Time is in decaauts)
 A = Elapsed time spent in this place.
 B = Non-inter-level travel time spent in this place.
 C = Inter-level travel time spent in this place.
 D = Time resting spent in this place.
 E = Time spent auto-exploring this place.
 F = Levels seen in this place.
 G = Mean time per level.
                   A        B        C        D        E       F      G
               +--------+--------+--------+--------+--------+-----+--------+
         Total |   3825 |   3666 |    159 |     94 |   2917 |   4 |  956.2 |
       Dungeon |   3825 |   3666 |    159 |     94 |   2917 |   4 |  956.2 |
               +--------+--------+--------+--------+--------+-----+--------+

Top non-repeatable levels by time:
     D:2: 1259 daAuts
     D:1: 1144 daAuts
     D:3: 1123 daAuts
     D:4: 298 daAuts
